 Dungeon Crawl Stone Soup version 0.25-a0-426-g7d9e569eea (webtiles) character file.

Game seed: 173661469343887846, levelgen mode: deterministic

2893 Lugonue the Grappler (level 9, -24/74 HPs)
             Began as a Troll Fighter on Jan 24, 2020.
             Was a Believer of Hepliaklqana.
             Shot with a bolt by an orc warrior (26 damage)
             ... in a bailey.
             The game lasted 00:16:19 (4638 turns).

Lugonue the Grappler (Troll Fighter)                Turns: 4638, Time: 00:16:19

Health: -24/74     AC: 13    Str: 26    XL:     9   Next: 48%
Magic:  8/8        EV: 10    Int:  4    God:    Hepliaklqana [**....]
Gold:   318        SH: 10    Dex: 12    Spells: 8/8 levels left

rFire    . . .     SeeInvis .     - Unarmed
rCold    . . .     Gourm    +   b - +0 shield
rNeg     . . .     Faith    .   n - +3 steam dragon scales
rPois    +         Spirit   .   (helmet restricted)
rElec    .         Reflect  .   q - +0 cloak
rCorr    .         Harm     .   (gloves unavailable)
MR       .....                  (boots unavailable)
Stlth    +.........             (no amulet)
HPRegen  0.62/turn              w - ring of poison resistance
MPRegen  0.11/turn              (no ring)

@: very slightly contaminated
A: large, unfitting armour, reduced essence, claws 3, fast metabolism 3,
gourmand, regeneration 1, shaggy fur 1, tough skin 3
a: Recall Ancestor, Ancestor Identity, Renounce Religion


You were in a bailey.
You worshipped Hepliaklqana.
Hepliaklqana was pleased with you.
You were completely stuffed.

You visited 2 branches of the dungeon, and saw 9 of its levels.
You also visited: Bailey.

You collected 318 gold pieces.

Inventory:

Armour
 a - a +0 robe
 b - a +0 shield (worn)
 n - +3 steam dragon scales (worn)
 q - a +0 cloak (worn)
Jewellery
 w - a ring of poison resistance (left claw)
Wands
 k - a wand of disintegration (13)
 u - a wand of acid (10)
 v - a wand of clouds (4)
Scrolls
 e - 3 scrolls of teleportation
 l - a scroll of magic mapping
 m - 3 scrolls of fog
 r - 2 scrolls of remove curse
Potions
 c - a potion of brilliance
 f - 2 potions of invisibility
 g - 2 potions of degeneration
 h - a potion of heal wounds {unknown}
 i - 2 potions of agility
 j - 2 potions of lignification {unknown}
 p - 3 potions of curing
 s - 2 potions of haste {unknown}
 t - a potion of cancellation {unknown}
 z - a potion of mutation {unknown}
Comestibles
 d - 11 rations
 x - 5 chunks of flesh


   Skills:
 + Level 3.3 Fighting
 + Level 4.0 Dodging
 * Level 6.0 Shields
 * Level 10.5 Unarmed Combat


You had 8 spell levels left.
You didn't know any spells.
Your spell library contained the following spells:

 Spells                   Type           Power        Failure   Level  Hunger
 Summon Small Mammal      Summ           #...         73%         1    ##.....
 Call Imp                 Summ           #.......     86%         2    ###....
 Call Canine Familiar     Summ           #.......     97%         3    ####...
 Summon Guardian Golem    Hex/Summ       #.......     97%         3    ####...
 Summon Ice Beast         Ice/Summ       #.......     100%        4    #####..
 Summon Lightning Spire   Summ/Air       #.......     100%        4    #####..


Dungeon Overview and Level Annotations

Branches:
Dungeon (8/15)             Temple (1/1) D:4            Lair (0/6) D:8
 Bailey (1/1)

Altars:
Ashenzari
Dithmenos
Elyvilon
Fedhas
Gozag
Hepliaklqana
Kikubaaqudgha
Makhleb
Nemelex Xobeh
Okawaru
Qazlal
Ru
Sif Muna
Trog
Uskayaw
Vehumet
Wu Jian
Xom
Yredelemnul
Zin
The Shining One

Shops:
D:4 [   D:8 (


Innate Abilities, Weirdness & Mutations

You are too large for most types of armour.
You have claws for hands.
Your metabolism is lightning-fast.
You like to eat raw meat.
Your natural rate of healing is unusually fast.
You are covered in fur. (AC +1)
You have extremely tough skin. (AC +3)
Your life essence is reduced to manifest your ancestor. (-10% HP)


Message History

The orc knight looks as sick as possible!
The orc warrior is engulfed in blazing flames.
The orc warrior hits you with a +0 halberd!
* * * LOW HITPOINT WARNING * * *
You feel better.
The orc warrior hits you from afar with a +0 halberd!!
* * * LOW HITPOINT WARNING * * *
The orc knight is engulfed in poison gas.
The orc knight looks as sick as possible!
The orc is engulfed in poison gas.
The orc is poisoned.
You kill the orc!
The orc warrior is engulfed in blazing flames.
You block the orc warrior's attack.
Blink to where?
Press: ? - help, Dir - move target cursor, p - orc warrior You are very lightly contaminated with residual magic.
As you read the scroll of blinking, it crumbles to dust.
The orc warrior wields a +0 arbalest.
The orc warrior shoots a bolt.
The bolt hits you!!
You die...

#### ##∩## ######
....##§§.##.....#
≈≈≈..#o§.#..≈≈≈..
≈o≈§§§§(oo(≈≈)≈≈.
.oo≈§.....§§o∩.≈.
≈o≈≈......§☼§§≈≈.
≈≈≈..#...#..≈§≈..
....##.∩(##.....#
#### ##@## ######
###


You could see 3 orc warriors.

Vanquished Creatures
  Sigmund (D:2)
  A hungry ghost (D:7)
  2 orc warriors
  3 sky beasts
  A phantom (D:4)
  2 ogres
  2 centaurs
  5 bullfrogs
  A wyvern skeleton (D:6)
  A water moccasin skeleton (D:6)
  A scorpion (D:6)
  4 wights (D:7)
  2 crimson imps
  2 bullfrog zombies (D:5)
  2 jellies
  3 hounds
  2 orc wizards (D:6)
  An orc priest (D:6)
  A bullfrog skeleton (D:6)
  4 worker ants
  Natasha (D:3)
  A hound zombie (D:5)
  2 hound skeletons
  A howler monkey zombie (D:6)
  6 adders
  2 oozes
  An adder zombie (D:5)
  5 worms
  4 dart slugs
  3 leopard geckos
  14 orcs
  3 giant cockroaches (D:1)
  12 goblins
  3 hobgoblins
  8 jackals
  2 quokkas
  A ball python (D:1)
  9 bats
  6 frilled lizards
  A giant cockroach zombie (D:5)
  9 kobolds
  A quokka skeleton (D:5)
  11 rats
147 creatures vanquished.

Vanquished Creatures (collateral kills)
  Edmund (D:6)
  A centaur (D:7)
  A howler monkey (D:5)
  A wight (D:7)
  2 orc wizards
  An adder (D:5)
  An orc (D:7)
  A giant cockroach zombie (D:5)
  A leopard gecko zombie (D:5)
  A quokka zombie (D:5)
11 creatures vanquished.

Vanquished Creatures (others)
  A battlemage (Bailey)
  An ancestor (D:6)
2 creatures vanquished.

Grand Total: 160 creatures vanquished

Notes
Turn   | Place    | Note
-------+----------+-------------------------------------------
     0 | D:1      | Lugonue the Troll Fighter began the quest for the Orb.
     0 | D:1      | Reached XP level 1. HP: 22/22 MP: 0/0
   265 | D:1      | Reached XP level 2. HP: 22/29 MP: 1/1
   566 | D:1      | Reached XP level 3. HP: 36/36 MP: 2/2
  1078 | D:2      | Reached skill level 3 in Unarmed Combat
  1121 | D:2      | Noticed Sigmund
  1131 | D:2      | Killed Sigmund
  1131 | D:2      | Reached skill level 4 in Unarmed Combat
  1131 | D:2      | Reached XP level 4. HP: 35/45 MP: 3/3
  1131 | D:2      | Reached XP level 5. HP: 42/53 MP: 4/4
  1580 | D:3      | Noticed Natasha
  1589 | D:3      | Killed Natasha
  1589 | D:3      | Reached XP level 6. HP: 47/61 MP: 5/5
  1699 | D:3      | Reached skill level 5 in Unarmed Combat
  1954 | D:3      | Found a white marble altar of Elyvilon.
  2096 | D:4      | Found a staircase to the Ecumenical Temple.
  2118 | Temple   | Entered the Ecumenical Temple
  2126 | Temple   | Became a worshipper of Hepliaklqana the Forgotten
  2203 | D:4      | Found Pucaol's Armour Shoppe.
  2248 | D:4      | Reached skill level 6 in Unarmed Combat
  2248 | D:4      | Reached XP level 7. HP: 60/60 MP: 6/6
  2351 | D:4      | Found a blossoming altar of Fedhas.
  2542 | D:5      | Entered Level 5 of the Dungeon
  2749 | D:5      | Reached * piety under Hepliaklqana
  3054 | D:6      | Reached skill level 7 in Unarmed Combat
  3079 | D:6      | Found a glowing golden altar of the Shining One.
  3079 | D:6      | Found a sacrificial altar of Ru.
  3097 | D:6      | Reached XP level 8. HP: 58/67 MP: 7/7
  3218 | D:6      | Noticed Edmund
  3228 | D:6      | Killed Edmund
  3228 | D:6      | Reached skill level 8 in Unarmed Combat
  3297 | D:6      | Reached skill level 5 in Shields
  3302 | D:6      | Reached skill level 9 in Unarmed Combat
  3356 | D:6      | Reached XP level 9. HP: 58/74 MP: 8/8
  3844 | D:6      | Found an ancient bone altar of Kikubaaqudgha.
  3849 | D:6      | Reached ** piety under Hepliaklqana
  3852 | D:6      | Remembered your ancestor Suchka as a battlemage
  3960 | D:7      | Reached skill level 10 in Unarmed Combat
  4214 | D:7      | Found an opulent altar of Gozag.
  4402 | D:7      | Found a glowing silver altar of Zin.
  4556 | D:8      | Found Bunushryc's Weapon Shop.
  4593 | D:8      | Found a flagged portal.
  4627 | Bailey   | Entered a bailey
  4629 | Bailey   | Noticed an orc knight
  4637 | Bailey   | HP: 1/74 [orc warrior/+0 halberd (25)]
  4638 | Bailey   | Shot with a bolt by an orc warrior

Levels and vault maps discovered:
D:1:      minmay_arrival_hallway, layout_basic, corexii_item_surrounded_by_moat
D:2:      layout_loops_ring, first_ration, kennysheep_nondescript,
          kennysheep_generic_room_15, uniq_sigmund
D:3:      layout_loops_ring, elyvilon_altar_1, uniq_natasha
D:4:      layout_cave_pools, fedhas_ov_isle_minmay,
          minmay_temple_entry_statues_fountains, serial_shops, shop
D:5:      layout_basic, serial_undead, serial_undead_e, serial_undead_e,
          serial_undead_a, serial_undead_c
D:6:      layout_loops_ring, lemuel_round_altar, grunt_temple_overflow_open,
          minmay_alternating_orb, uniq_edmund
D:7:      layout_basic, old_standard_altar, basic_altar
D:8:      layout_rooms, david_lair_shrubbed, enter_bailey_3, serial_shops,
          kennysheep_little_box
Temple:   nicolae_temple_no_exploring_needed
Bailey:   bailey_polearm_4, bailey

Skill      XL: |  1  2  3  4  5  6  7  8  9 |
---------------+----------------------------+-----
Shields        | 3 4 5 6 |  6.0
Unarmed Combat | 4 6 7 9 10 | 10.5
Fighting       | 3 |  3.3
Dodging        | 3 4 |  4.0

Action                   |  1- 3 |  4- 6 |  7- 9 || total
-------------------------+-------+-------+-------++-------
Melee: Unarmed           |   149 |   140 |   209 ||   498
Invok: Ancestor Identity |       |       |     1 ||     1
       Ancestor Life: Ba |       |       |     1 ||     1
Evoke: Wand              |       |       |     8 ||     8
  Use: Potion            |     1 |       |     1 ||     2
       Scroll            |       |     9 |     9 ||    18
 Stab: Sleeping          |     1 |       |     1 ||     2
       Distracted        |       |       |     1 ||     1
  Eat: Chunk             |    10 |     8 |    23 ||    41
       Ration            |       |       |     3 ||     3
Armor: Robe              |    55 |    20 |       ||    75
       Steam dragon scal |       |    17 |    71 ||    88
Dodge: Dodged            |    36 |    32 |    64 ||   132
Block: Shield            |    60 |    59 |    90 ||   209

Table legend:
 A = Non-vault XP
 B = Vault XP
 C = Vault XP percentage of total XP
 D = Non-vault monster count
 E = Vault monster count
 F = Vault count percentage of total count
                 A         B        C        D         E       F
            +---------+---------+-------+---------+---------+-------
      Total |    2677 |    1457 |  35.2 |     131 |      27 |  17.1
            +---------+---------+-------+---------+---------+-------
        D:1 |      44 |       0 |   0.0 |      26 |       0 |   0.0
        D:2 |      73 |     208 |  74.0 |      23 |       1 |   4.2
        D:3 |     239 |      35 |  12.8 |      30 |       1 |   3.2
        D:4 |     325 |       0 |   0.0 |      12 |       0 |   0.0
        D:5 |      72 |     125 |  63.5 |       3 |       8 |  72.7
        D:6 |     855 |     946 |  52.5 |      20 |      10 |  33.3
        D:7 |     937 |       0 |   0.0 |      16 |       0 |   0.0
        D:8 |     132 |       7 |   5.0 |       1 |       4 |  80.0
     Bailey |       0 |     136 | 100.0 |       0 |       3 | 100.0
            +---------+---------+-------+---------+---------+-------
